 Dungeon Crawl Stone Soup version 0.22.0-49-gab54619 (webtiles) character file.

61069 vatarom the Thaumaturge (level 15, -4/114 HPs)
             Began as a Gnoll Venom Mage on Sept 7, 2018.
             Was an Elder of Vehumet.
             Killed from afar by a deep elf mage (26 damage)
             ... with a bolt of fire
             ... on level 13 of the Dungeon.
             The game lasted 01:04:15 (26476 turns).

vatarom the Thaumaturge (Gnoll Venom Mage)         Turns: 26476, Time: 01:04:15

Health: -4/114     AC: 22    Str: 14    XL:     15   Next: 1%
Magic:  31/38      EV: 17    Int: 21    God:    Vehumet [****..]
Gold:   1634       SH:  8    Dex: 15    Spells: 1/35 levels left

rFire    . . .     SeeInvis .     - Unarmed
rCold    + + .     Gourm    .   h - +2 buckler
rNeg     . . .     Faith    .   Y - +5 ring mail of Feafeffio {rC++}
rPois    .         Spirit   .   V - +0 helmet
rElec    .         Reflect  .   Z - +2 cloak
rCorr    .         Harm     .   n - +1 pair of gloves
MR       +....                  H - +2 pair of boots
Stlth    ++........             (no amulet)
HPRegen  0.29/turn              s - +2 ring of slaying
MPRegen  0.26/turn              x - ring of magical power

@: liquid flames, about to teleport, very slightly contaminated, glowing
A: distributed training, fangs 1, strong nose
a: Renounce Religion


You were on level 13 of the Dungeon.
You worshipped Vehumet.
Vehumet was greatly pleased with you.
You were not hungry.

You visited 3 branches of the dungeon, and saw 20 of its levels.

You collected 1634 gold pieces.

Inventory:

Hand Weapons
 D - the +8 dagger of the Evil Eye {vamp, rC+}
   (You found it on level 7 of the Dungeon)

   It inflicts no extra harm, but heals its wielder when it wounds a living foe.
   It protects you from cold.
 P - a +1 blowgun
Missiles
 r - 7 curare-tipped needles
 M - 3 throwing nets (quivered) {!f}
Armour
 h - a +2 buckler (worn)
 n - a +1 pair of gloves (worn)
 H - a +2 pair of boots (worn)
 V - a +0 helmet (worn)
 Y - the +5 ring mail of Feafeffio (worn) {rC++}
   (You found it on level 12 of the Dungeon)

   It greatly protects you from cold.
 Z - a +2 cloak (worn)
Jewellery
 s - a +2 ring of slaying (left hand)
 x - a ring of magical power (right hand)
 X - the ring "Culyi" {rF+ Str+3}
   (You acquired it on level 12 of the Dungeon)

   [ring of protection from fire]

   It affects your strength (+3).
   It protects you from fire.
Wands
 g - a wand of acid (19) {@v2}
 j - a wand of clouds (2) {@v3}
 A - a wand of paralysis (5)
 E - a wand of digging (27) {@v1}
 K - a wand of iceblast (25) {@v4}
 U - a wand of disintegration (10)
Scrolls
 b - 3 scrolls of fog
 d - 12 scrolls of remove curse {@r2}
 e - 3 scrolls of magic mapping
 i - a scroll of summoning
 p - a scroll of fear
 t - a scroll of silence {unknown}
 v - a scroll of vulnerability {unknown}
 y - 3 scrolls of teleportation {@r3}
 z - 2 scrolls of amnesia
 C - 3 scrolls of enchant weapon
 L - 2 scrolls of immolation {unknown}
 N - a scroll of noise {unknown}
 Q - a scroll of brand weapon {unknown}
Potions
 a - 2 potions of magic
 c - 5 potions of lignification
 f - a potion of haste {@q3}
 k - a potion of ambrosia {unknown}
 l - 3 potions of curing {@q1}
 m - 3 potions of brilliance {@q6}
 q - a potion of mutation {unknown}
 u - a potion of cancellation {unknown}
 w - 2 potions of heal wounds {@q2}
 F - 4 potions of flight
 G - 3 potions of agility {unknown}
 J - 2 potions of degeneration
 R - 3 potions of berserk rage {unknown}
 S - a potion of invisibility {unknown}
 T - a potion of resistance
 W - a potion of might {@q4}
Comestibles
 O - 20 rations {@e1}


   Skills:
 + Level 9.5 Fighting
 + Level 9.5 Short Blades
 + Level 9.5 Long Blades
 + Level 9.5 Axes
 + Level 9.5 Maces & Flails
 + Level 9.5 Polearms
 + Level 9.5 Staves
 + Level 9.5 Slings
 + Level 9.5 Bows
 + Level 9.5 Crossbows
 + Level 9.5 Throwing
 + Level 9.5 Armour
 + Level 10.5 Dodging
 + Level 10.4 Stealth
 + Level 9.5 Shields
 + Level 9.5 Unarmed Combat
 + Level 10.7 Spellcasting
 + Level 8.3 Conjurations
 + Level 8.0 Hexes
 + Level 8.0 Charms
 + Level 8.0 Summonings
 + Level 8.0 Necromancy
 + Level 8.0 Translocations
 + Level 8.0 Transmutations
 + Level 8.0 Fire Magic
 + Level 8.0 Ice Magic
 + Level 8.0 Air Magic
 + Level 8.0 Earth Magic
 + Level 9.7 Poison Magic
 + Level 10.3 Invocations
 + Level 9.5 Evocations


You had one spell level left.
You knew the following spells:

 Your Spells              Type           Power        Failure   Level  Hunger
a - Sting                 Conj/Pois      ####         1%          1    None
b - Throw Icicle          Conj/Ice       #####...     1%          4    ##.....
d - Mephitic Cloud        Conj/Pois/Air  #####...     1%          3    None
e - Olgreb's Toxic Radia  Pois           ######..     1%          4    ##.....
n - Animate Dead          Necr           N/A          4%          4    ##.....
p - Apportation           Tloc           #####.       1%          1    None
q - Iron Shot             Conj/Erth      #####.....   16%         6    ######.
r - Regeneration          Chrm/Necr      #####.....   1%          3    None
w - Bolt of Fire          Conj/Fire      #####.....   16%         6    ######.
z - Poisonous Vapours     Pois/Air       #####.       1%          2    None

Your spell library contained the following spells:

 Spells                   Type           Power        Failure   Level  Hunger
 Spellforged Servitor     Conj/Summ      #####.....   58%         7    #######
 Animate Skeleton         Necr           N/A          1%          1    None
 Confusing Touch          Hex            #####.       1%          1    None
 Pain                     Necr           ####         1%          1    None
 Shock                    Conj/Air       ####         1%          1    None
 Summon Small Mammal      Summ           ####         1%          1    None
 Swiftness                Chrm/Air       #####...     1%          2    None
 Gell's Gravitas          Tloc           #####.....   1%          3    None
 Portal Projectile        Hex/Tloc       #####.       1%          3    None
 Static Discharge         Conj/Air       #####...     1%          3    None
 Vampiric Draining        Necr           #####.....   1%          3    None
 Airstrike                Air            #####.....   1%          4    ##.....
 Force Lance              Conj/Tloc      #####...     1%          4    ##.....
 Venom Bolt               Conj/Pois      #####.....   2%          5    ####...
 Bolt of Magma            Conj/Fire/Erth #####.....   3%          5    ####...
 Lightning Bolt           Conj/Air       #####.....   3%          5    ####...
 Leda's Liquefaction      Hex/Erth       #####.....   4%          4    ##.....
 Dispersal                Tloc           #####.....   52%         6    ######.
 Statue Form              Tmut/Erth      #####....    52%         6    ######.
 Haunt                    Necr/Summ      #####.....   98%         7    #######
 Borgnjor's Revivificati  Necr           #####.....   100%        8    #######
 Controlled Blink         Tloc           N/A          100%        8    #######
 Death's Door             Chrm/Necr      #####.....   100%        8    #######
 Disjunction              Tloc           #####.....   100%        8    #######
 Infestation              Necr           #####.....   100%        8    #######
 Necromutation            Tmut/Necr      #####.....   100%        8    #######
 Shatter                  Erth           #####.....   100%        9    #######


Dungeon Overview and Level Annotations

Branches:
Dungeon (13/15)            Temple (1/1) D:5            Lair (6/6) D:11
 Shoals (0/4) Lair:3        Snake (0/4) Lair:2        Slime (0/5) Lair:6
    Orc (0/2) D:11
 Vaults: D:13-14

Altars:
Ashenzari
Cheibriados
Dithmenos
Elyvilon
Fedhas
Gozag
Hepliaklqana
Kikubaaqudgha
Makhleb
Nemelex Xobeh
Okawaru
Qazlal
Ru
Sif Muna
Trog
Uskayaw
Vehumet
Wu Jian
Xom
Yredelemnul
Zin
The Shining One
Jiyva


Innate Abilities, Weirdness & Mutations

Your experience applies equally to all skills.
You have very sharp teeth.
Your uncanny sense of smell can sniff out nearby items.


Message History

You are covered in liquid flames!
The skeletal warrior hits you with a trident.
You are covered in liquid flames!
You see here a tomahawk.
You are covered in liquid flames!
The skeletal warrior hits you but does no damage.
The deep elf mage misses you.
The orc warrior throws a tomahawk.
The tomahawk hits you.
You see here a tomahawk.
You are covered in liquid flames!
The deep elf mage gestures at you while chanting.
The bolt of fire hits you!
* * * LOW HITPOINT WARNING * * *
As you read the scroll of teleportation {@r3}, it crumbles to dust.
You feel strangely unstable.
You are covered in liquid flames!
* * * LOW HITPOINT WARNING * * *
The deep elf mage casts a spell at you. The bolt of fire hits you!
You die...

# # # # #
#################### #
#.....[)...........# #
#.#######(.#######.# #
#.#∆ #(.# .. #######.#
#.@##Z ##...}..# #.(#Z#
##.....## .##.#ez#.##..#
##.....## #...).Z....# ∆
........#####.#.o#.###
###.(.().)...........
#........).).........
###....######)#..#.#####
........# .........


You could see a skeletal warrior, a deep elf mage, an orc warrior and a bullfrog
skeleton.

Vanquished Creatures
  Gastronok (D:8)
  Josephine (Lair:4)
  4 hydras
  A catoblepas (D:13)
  A death knight (D:11)
  6 two-headed ogres
  A deep elf knight (D:13)
  An unseen horror (D:11)
  3 deep elf magi (D:13)
  4 ugly things
  A salamander (Lair:5)
  2 cyclopes (D:12)
  A manticore (D:13)
  3 elephants (Lair:4)
  7 black mambas
  A moth of wrath (shapeshifter) (D:11)
  2 merfolk sirens (Lair:3)
  15 spiny frogs
  A torpor snail (Lair:3)
  A rime drake (Lair:5)
  4 yaktaurs (D:13)
  8 komodo dragons
  2 merfolk (Lair:3)
  A polar bear (Lair:4)
  2 trolls
  5 tyrant leeches
  3 slime creatures (D:13)
  17 blink frogs
  A meliai zombie (D:13)
  3 dream sheep (Lair:4)
  11 hippogriffs
  Sigmund (D:3)
  A vampire (D:11)
  2 wyverns
  Eustachio (D:4)
  3 wraiths (Lair:4)
  38 yaks
  A fire elemental (Lair:5)
  2 basilisks (Lair:3)
  3 steam dragons
  3 vampire mosquitoes
  2 hungry ghosts
  4 swamp worms (Lair:3)
  15 water moccasins
  2 soldier ants
  8 porcupines
  4 orc warriors
  4 phantoms
  7 sky beasts
  5 ice beasts
  6 black bears
  18 wolves
  7 ogres
  3 centaurs
  15 crocodiles
  3 big kobolds
  21 bullfrogs
  A wyvern skeleton (D:8)
  3 scorpions
  11 killer bees
  A wight (D:13)
  A lava snake (Lair:5)
  2 centaur zombies
  7 crimson imps
  6 hounds
  3 bullfrog skeletons
  2 centaur skeletons
  5 orc priests
  3 jellies
  An iron imp (D:7)
  9 orc wizards
  5 iguanas
  10 worker ants
  A hound skeleton (D:2)
  A hound zombie (D:8)
  A howler monkey zombie (D:6)
  4 gnolls
  7 adders
  3 shadow imps
  2 oozes
  An adder zombie (D:8)
  3 worms
  2 dart slugs
  2 leopard geckos
  38 orcs
  2 giant cockroaches
  5 hobgoblins
  17 jackals
  7 quokkas
  3 bats (D:2)
  3 frilled lizards
  4 goblins
  A jackal skeleton (D:4)
  14 kobolds
  2 leopard gecko skeletons
  A quokka skeleton (D:4)
  5 rats
  2 fungi
  A plant (Lair:4)
495 creatures vanquished.

Vanquished Creatures (collateral kills)
  Nessos (Lair:4)
  A hydra (Lair:1)
  5 spiny frogs (Lair:6)
  A gargoyle (D:13)
  A komodo dragon (Lair:6)
  3 tyrant leeches (Lair:6)
  5 blink frogs (Lair:6)
  A hippogriff (Lair:6)
  A dream sheep (Lair:4)
  5 yaks
  3 vampire mosquitoes (Lair:6)
  4 water moccasins (Lair:6)
  A wolf (Lair:6)
  2 crocodiles (Lair:6)
  9 bullfrogs (Lair:6)
  2 wights (D:13)
  An orc (D:13)
  A fungus (Lair:5)
  2 plants
49 creatures vanquished.

Vanquished Creatures (others)
  57 fungi
  41 plants
98 creatures vanquished.

Grand Total: 642 creatures vanquished

Notes
Turn   | Place    | Note
-------+----------+-------------------------------------------
     0 | D:1      | vatarom the Gnoll Venom Mage began the quest for the Orb.
     0 | D:1      | Reached XP level 1. HP: 13/13 MP: 6/6
   179 | D:1      | Reached XP level 2. HP: 20/20 MP: 2/7
   188 | D:1      | Learned a level 2 spell: Poisonous Vapours
   977 | D:2      | Found a faded altar of an unknown god.
   980 | D:2      | Reached XP level 3. HP: 25/25 MP: 6/9
  1069 | D:2      | Reached skill level 5 in Spellcasting
  1169 | D:2      | Reached skill level 1 in Invocations
  1333 | D:2      | Reached skill level 1 in Fighting
  1333 | D:2      | Reached skill level 1 in Short Blades
  1333 | D:2      | Reached skill level 1 in Long Blades
  1333 | D:2      | Reached skill level 1 in Axes
  1333 | D:2      | Reached skill level 1 in Maces & Flails
  1333 | D:2      | Reached skill level 1 in Polearms
  1333 | D:2      | Reached skill level 1 in Staves
  1333 | D:2      | Reached skill level 1 in Slings
  1333 | D:2      | Reached skill level 1 in Bows
  1333 | D:2      | Reached skill level 1 in Crossbows
  1333 | D:2      | Reached skill level 1 in Throwing
  1333 | D:2      | Reached skill level 1 in Armour
  1333 | D:2      | Reached skill level 1 in Shields
  1333 | D:2      | Reached skill level 1 in Unarmed Combat
  1333 | D:2      | Reached skill level 1 in Evocations
  1333 | D:2      | Reached XP level 4. HP: 14/32 MP: 1/11
  1742 | D:2      | Reached skill level 1 in Hexes
  1742 | D:2      | Reached skill level 1 in Charms
  1742 | D:2      | Reached skill level 1 in Summonings
  1742 | D:2      | Reached skill level 1 in Necromancy
  1742 | D:2      | Reached skill level 1 in Translocations
  1742 | D:2      | Reached skill level 1 in Transmutations
  1742 | D:2      | Reached skill level 1 in Fire Magic
  1742 | D:2      | Reached skill level 1 in Ice Magic
  1742 | D:2      | Reached skill level 1 in Air Magic
  1742 | D:2      | Reached skill level 1 in Earth Magic
  2187 | D:3      | Noticed Sigmund
  2270 | D:3      | Learned a level 3 spell: Mephitic Cloud
  2386 | D:3      | Reached XP level 5. HP: 34/37 MP: 9/12
  2426 | D:3      | Killed Sigmund
  2426 | D:3      | Reached XP level 6. HP: 20/44 MP: 2/14
  2754 | D:3      | Reached skill level 5 in Dodging
  3201 | D:3      | Learned a level 4 spell: Olgreb's Toxic Radiance
  3260 | D:4      | Reached XP level 7. HP: 18/50 MP: 1/15
  3489 | D:4      | Noticed Eustachio
  3741 | D:4      | Killed Eustachio
  3849 | D:4      | Found an iron altar of Okawaru.
  3984 | D:4      | Reached skill level 5 in Stealth
  4402 | D:4      | Learned a level 5 spell: Venom Bolt
  4415 | D:5      | Entered Level 5 of the Dungeon
  4418 | D:5      | Found a staircase to the Ecumenical Temple.
  4433 | Temple   | Entered the Ecumenical Temple
  4673 | Temple   | Became a worshipper of Vehumet
  4708 | D:4      | Reached XP level 8. HP: 24/57 MP: 16/16
  4918 | D:5      | Found an ornate altar of the Wu Jian Council.
  5875 | D:6      | Found a white marble altar of Elyvilon.
  6814 | D:7      | Reached XP level 9. HP: 62/65 MP: 18/18
  6837 | D:7      | Got a wavering steel ring
  6855 | D:7      | Identified the ring "Vyot" {AC+3 Int+3} (You found it on
                  | level 7 of the Dungeon)
  7130 | D:7      | Found a snail-covered altar of Cheibriados.
  7454 | D:7      | Found a shimmering altar of Xom.
  7457 | D:7      | Found a deep blue altar of Sif Muna.
  7460 | D:7      | Found a hazy altar of Hepliaklqana.
  7698 | D:7      | Got a smoking dagger
  7699 | D:7      | Identified the +8 dagger of the Evil Eye {vamp, rC+} (You
                  | found it on level 7 of the Dungeon)
  8005 | D:8      | Reached * piety under Vehumet
  8005 | D:8      | Offered knowledge of Magic Dart by Vehumet.
  8313 | D:8      | Noticed a two-headed ogre
  8351 | D:8      | Killed a two-headed ogre
  8351 | D:8      | Reached skill level 5 in Invocations
  8351 | D:8      | Reached XP level 10. HP: 73/73 MP: 20/20
  8637 | D:8      | Got a brightly glowing falchion {freeze}
  8638 | D:8      | Identified the +6 falchion "Ipefint Wigi" {freeze, *Drain
                  | +Blink Dex+2} (You took it off a crimson imp on level 8 of
                  | the Dungeon)
  8662 | D:8      | Reached skill level 5 in Fighting
  8662 | D:8      | Reached skill level 5 in Short Blades
  8662 | D:8      | Reached skill level 5 in Long Blades
  8662 | D:8      | Reached skill level 5 in Axes
  8662 | D:8      | Reached skill level 5 in Maces & Flails
  8662 | D:8      | Reached skill level 5 in Polearms
  8662 | D:8      | Reached skill level 5 in Staves
  8662 | D:8      | Reached skill level 5 in Slings
  8662 | D:8      | Reached skill level 5 in Bows
  8662 | D:8      | Reached skill level 5 in Crossbows
  8662 | D:8      | Reached skill level 5 in Throwing
  8662 | D:8      | Reached skill level 5 in Armour
  8662 | D:8      | Reached skill level 5 in Shields
  8662 | D:8      | Reached skill level 5 in Unarmed Combat
  8662 | D:8      | Reached skill level 5 in Evocations
  8827 | D:8      | Noticed Gastronok
  8849 | D:8      | Killed Gastronok
  8849 | D:8      | Reached skill level 5 in Conjurations
  9453 | D:9      | Noticed a two-headed ogre
  9464 | D:9      | Killed a two-headed ogre
  9464 | D:9      | Reached XP level 11. HP: 81/81 MP: 22/22
  9537 | D:9      | Found a bloodstained altar of Trog.
  9538 | D:9      | Reached ** piety under Vehumet
  9538 | D:9      | Offered knowledge of Throw Frost by Vehumet.
 10345 | D:9      | Noticed a two-headed ogre
 10375 | D:9      | Killed a two-headed ogre
 10375 | D:9      | Reached skill level 5 in Hexes
 10375 | D:9      | Reached skill level 5 in Charms
 10375 | D:9      | Reached skill level 5 in Summonings
 10375 | D:9      | Reached skill level 5 in Necromancy
 10375 | D:9      | Reached skill level 5 in Translocations
 10375 | D:9      | Reached skill level 5 in Transmutations
 10375 | D:9      | Reached skill level 5 in Fire Magic
 10375 | D:9      | Reached skill level 5 in Ice Magic
 10375 | D:9      | Reached skill level 5 in Air Magic
 10375 | D:9      | Reached skill level 5 in Earth Magic
 10500 | D:10     | Entered Level 10 of the Dungeon
 10557 | D:10     | Found a glowing silver altar of Zin.
 10756 | D:10     | Learned a level 1 spell: Apportation
 11507 | D:11     | Noticed a cyclops
 11512 | D:11     | Noticed a cyclops
 11561 | D:11     | Noticed a two-headed ogre
 11587 | D:11     | Killed a two-headed ogre
 11632 | D:11     | Offered knowledge of Stone Arrow by Vehumet.
 11639 | D:11     | Learned a level 3 spell: Stone Arrow
 11668 | D:11     | Found a staircase to the Orcish Mines.
 11672 | D:11     | Noticed a death knight
 11694 | D:11     | Killed an unseen horror
 11722 | D:11     | Noticed a seven-headed hydra
 11759 | D:11     | Killed a death knight
 11920 | D:11     | Noticed a cyclops
 11982 | D:11     | Reached *** piety under Vehumet
 12027 | D:11     | Noticed a red ugly thing
 12035 | D:11     | Killed a red ugly thing
 12035 | D:11     | Reached XP level 12. HP: 70/89 MP: 16/24
 12142 | D:11     | Noticed an ice dragon
 12142 | D:11     | a slime creature changed into an ice dragon
 12144 | D:11     | an ice dragon changed into a wolf spider
 12145 | D:11     | Noticed an alligator
 12145 | D:11     | a wolf spider changed into an alligator
 12151 | D:11     | Noticed a satyr
 12151 | D:11     | an alligator changed into a satyr
 12158 | D:11     | Noticed a four-headed hydra
 12158 | D:11     | a satyr changed into a four-headed hydra
 12159 | D:11     | Noticed a spark wasp
 12159 | D:11     | a four-headed hydra changed into a spark wasp
 12162 | D:11     | a spark wasp changed into a snapping turtle
 12325 | D:11     | Offered knowledge of Inner Flame by Vehumet.
 12396 | D:11     | Learned a level 3 spell: Regeneration
 12525 | D:11     | Found a staircase to the Lair.
 12933 | D:12     | Reached **** piety under Vehumet
 13007 | D:12     | Identified 2 scrolls of acquirement
 13008 | D:12     | Got a shimmering steel ring
 13010 | D:12     | Identified the ring "Culyi" {rF+ Str+3} (You acquired it on
                  | level 12 of the Dungeon)
 13094 | D:12     | Offered knowledge of Conjure Flame by Vehumet.
 13464 | D:12     | Got a jewelled ring mail
 13693 | D:12     | Identified the +5 ring mail of Feafeffio {rC++} (You found
                  | it on level 12 of the Dungeon)
 13726 | D:13     | Learned a level 4 spell: Animate Dead
 13938 | D:13     | Noticed a two-headed ogre
 13955 | D:13     | Killed a two-headed ogre
 14374 | Lair:1   | Entered Level 1 of the Lair of Beasts
 14531 | Lair:1   | Noticed a six-headed hydra
 14784 | D:11     | Reached XP level 13. HP: 38/98 MP: 6/26
 16040 | Lair:2   | Found a staircase to the Snake Pit.
 16742 | Lair:3   | Reached ***** piety under Vehumet
 16742 | Lair:3   | Offered knowledge of Bolt of Fire by Vehumet.
 16904 | Lair:3   | Learned a level 6 spell: Bolt of Fire
 17480 | Lair:3   | Found a staircase to the Shoals.
 17881 | Lair:3   | Got a polished falchion
 17882 | Lair:3   | Identified the +3 falchion "Omew" {venom, rPois rN+ Str+3}
                  | (You found it on level 3 of the Lair of Beasts)
 17959 | Lair:3   | Found a sparkling altar of Nemelex Xobeh.
 19429 | Lair:4   | Noticed Josephine
 19475 | Lair:4   | Killed Josephine
 19528 | Lair:4   | Reached skill level 10 in Spellcasting
 19571 | Lair:4   | Reached XP level 14. HP: 106/106 MP: 28/28
 20094 | Lair:4   | Noticed Nessos
 20125 | Lair:4   | Killed Nessos
 20574 | Lair:4   | Reached skill level 10 in Dodging
 21159 | Lair:5   | Found a shattered altar of Ashenzari.
 21221 | Lair:5   | Offered knowledge of Throw Icicle by Vehumet.
 21249 | Lair:5   | Learned a level 4 spell: Throw Icicle
 21269 | Lair:5   | Got an ivory dagger
 21836 | Lair:5   | Reached skill level 10 in Stealth
 22233 | Lair:6   | Entered Level 6 of the Lair of Beasts
 23352 | Lair:6   | Reached skill level 10 in Invocations
 23776 | Lair:6   | Offered knowledge of Spellforged Servitor by Vehumet.
 24150 | Lair:6   | Found a staircase to the Slime Pits.
 24151 | Lair:6   | Found a viscous altar of Jiyva.
 25422 | D:13     | Learned a level 6 spell: Iron Shot
 26407 | D:13     | Identified the cursed +0 dagger of Qarhuasse {pain, +Blink
                  | rElec Int+2} (You found it on level 5 of the Lair of
                  | Beasts)
 26433 | D:13     | Reached XP level 15. HP: 73/114 MP: 17/29
 26476 | D:13     | Killed from afar by a deep elf mage

Skill      XL: |  1  2  3  4  5  6  7  8  9 10 11 12 13 14 |
---------------+-------------------------------------------+-----
Conjurations   | 2 3 4 5 6 7 8 |  8.3
Spellcasting   | 5 6 7 8 9 10 | 10.7
Invocations    | 1 2 3 4 5 6 7 8 9 10 | 10.3
Fighting       | 1 2 3 4 5 6 7 8 9 |  9.5
Short Blades   | 1 2 3 4 5 6 7 8 9 |  9.5
Long Blades    | 1 2 3 4 5 6 7 8 9 |  9.5
Axes           | 1 2 3 4 5 6 7 8 9 |  9.5
Maces & Flails | 1 2 3 4 5 6 7 8 9 |  9.5
Polearms       | 1 2 3 4 5 6 7 8 9 |  9.5
Staves         | 1 2 3 4 5 6 7 8 9 |  9.5
Slings         | 1 2 3 4 5 6 7 8 9 |  9.5
Bows           | 1 2 3 4 5 6 7 8 9 |  9.5
Crossbows      | 1 2 3 4 5 6 7 8 9 |  9.5
Throwing       | 1 2 3 4 5 6 7 8 9 |  9.5
Armour         | 1 2 3 4 5 6 7 8 9 |  9.5
Shields        | 1 2 3 4 5 6 7 8 9 |  9.5
Unarmed Combat | 1 2 3 4 5 6 7 8 9 |  9.5
Evocations     | 1 2 3 4 5 6 7 8 9 |  9.5
Hexes          | 1 2 3 4 5 6 7 8 |  8.0
Charms         | 1 2 3 4 5 6 7 8 |  8.0
Summonings     | 1 2 3 4 5 6 7 8 |  8.0
Necromancy     | 1 2 3 4 5 6 7 8 |  8.0
Translocations | 1 2 3 4 5 6 7 8 |  8.0
Transmutations | 1 2 3 4 5 6 7 8 |  8.0
Fire Magic     | 1 2 3 4 5 6 7 8 |  8.0
Ice Magic      | 1 2 3 4 5 6 7 8 |  8.0
Air Magic      | 1 2 3 4 5 6 7 8 |  8.0
Earth Magic    | 1 2 3 4 5 6 7 8 |  8.0
Dodging        | 5 6 7 8 9 10 | 10.5
Stealth        | 5 6 7 8 9 10 | 10.4
Poison Magic   | 6 7 8 9 |  9.7

Action                   |  1- 3 |  4- 6 |  7- 9 | 10-12 | 13-15 || total
-------------------------+-------+-------+-------+-------+-------++-------
Melee: Halberd           |    42 |    23 |       |       |       ||    65
       Bite              |     3 |     3 |    30 |    69 |    94 ||   199
       Trident           |       |    26 |       |       |       ||    26
       Scythe            |       |    26 |    17 |       |       ||    43
       Falchion          |       |       |   179 |       |       ||   179
       Punch             |       |       |     1 |       |       ||     1
       Dagger            |       |       |    64 |   617 |   767 ||  1448
       Unarmed           |       |       |       |       |     8 ||     8
 Cast: Sting             |    12 |    14 |    15 |    21 |     3 ||    65
       Poisonous Vapours |     9 |    19 |    18 |    33 |    15 ||    94
       Mephitic Cloud    |       |     1 |     6 |     7 |     6 ||    20
       Olgreb's Toxic Ra |       |     1 |     6 |    45 |    47 ||    99
       Venom Bolt        |       |       |     1 |    17 |       ||    18
       Stone Arrow       |       |       |       |    37 |    64 ||   101
       Animate Dead      |       |       |       |     8 |    39 ||    47
       Regeneration      |       |       |       |     1 |     1 ||     2
       Bolt of Fire      |       |       |       |       |    24 ||    24
       Throw Icicle      |       |       |       |       |    46 ||    46
       Iron Shot         |       |       |       |       |    11 ||    11
Evoke: Wand              |       |       |       |     1 |     2 ||     3
  Use: Scroll            |       |     5 |     5 |    13 |    23 ||    46
       Potion            |       |     2 |     2 |     9 |     2 ||    15
 Stab: Sleeping          |     6 |     5 |     5 |    17 |     8 ||    41
       Confused          |       |       |     2 |     2 |       ||     4
       Distracted        |       |       |     1 |     2 |     3 ||     6
  Eat: Chunk             |     1 |     5 |     7 |    24 |    24 ||    61
       Ration            |       |     1 |     4 |     4 |    10 ||    19
Armor: Robe              |     3 |    11 |    12 |       |       ||    26
       Leather armour    |       |       |    72 |    46 |       ||   118
       Troll leather arm |       |       |       |    67 |       ||    67
       Ring mail         |       |       |       |    52 |   212 ||   264
Dodge: Dodged            |    39 |    95 |   185 |   351 |   453 ||  1123
Block: Buckler           |       |       |    56 |   156 |   244 ||   456
       Rpst.: Falchion   |       |       |    34 |       |       ||    34
